AoeStats
← Michi3052

Arabia

504835688Analyzed
1v1 RM · 27d ago on Sep 6, 2026· 24m 25s· 2 players
Game mode
Random Map
Map size
Tiny (2 player)
Population
200
Speed
Normal
Resources
Standard
Victory
Conquest
Starting age
Dark Age
Ending age
Imperial Age
RankedLock teamsTeams togetherTeam positionsShared explorationLock speedFull tech treeHidden civsTurbo modeCheats
Victory
Defeat
🇨🇦 Franks · Canada
677
+15
🇪🇸 Aztecs · Spain
656
-15
Michi3052
11:11 Feudal Age
11:16 Man-at-Arms
18:11 Double-Bit Axe
19:50 Horse Collar
25:11 Castle Age
100 boost vacuum
9:47 Feudal Age
8:51 Loom
10:37 Double-Bit Axe
19:20 Fletching
19:31 Padded Archer Armor
Connection lost

Rejoining the realm…

Still unreachable

The connection could not be restored.

Session expired

The server has moved on; the page needs a fresh start.